Map: Orbital Shipyard

Players

Beastyqt - Winner!

  • Race: Terran Terran

Kudo (Gamja)

  • Race: Zerg Zerg

Event: Gauntlet LotV Series 1 Qualifier 1

VOD

Have the link to the VOD?

Description

Time

  • Played on: Nov. 22, 2015, 3:44 p.m.
  • Length: 7:03

All games in this series

Show
View Real Time Build Order
Export as new Build Order

Beastyqt Terran - Winner!

Build Orders:  

Get SALT Encoding   

  12  0:00  SCV  
  13  0:13  SCV  
  14  0:17  Supply Depot  
  14  0:25  SCV  
  15  0:39  SCV  
  15  0:41  Barracks  
  16  0:45  Refinery  
  16  0:51  SCV  
  17  1:03  SCV  
  18  1:15  SCV  
  19  1:29  Orbital Command  
  19  1:30  Barracks Reactor  
  19  1:39  Command Center  
  19  1:50  Supply Depot  
  19  1:55  SCV  
  20  2:06  Reaper x2  
  20  2:07  SCV  
  23  2:19  SCV  
  23  2:21  Barracks x2  
  24  2:28  Refinery  
  24  2:31  SCV  
  25  2:38  Reaper  
  25  2:41  Reaper  
  25  2:43  SCV  
  28  2:52  Orbital Command  
  28  2:55  SCV  
  29  3:07  SCV  
  31  3:16  Barracks Tech Lab  
  31  3:17  Marine  
  31  3:18  SCV  
  34  3:20  SCV  
  34  3:27  Marine x2  
  34  3:30  SCV, Factory  
  36  3:35  Stimpack  
  36  3:36  Supply Depot, Marine x2  
  36  3:37  SCV  
  39  3:45  SCV  
  39  3:46  Marine  
  41  3:50  SCV, Engineering Bay  
  42  3:56  Barracks Reactor  
  42  3:57  SCV, Refinery  
  42  4:02  SCV, Marine  
  44  4:09  SCV, Marine x2  
  47  4:14  SCV  
  47  4:16  Factory Reactor  
  47  4:17  Starport  
  48  4:21  SCV  
  48  4:22  Marine  
  48  4:24  Supply Depot  
  50  4:26  SCV  
  50  4:27  Marine  
  50  4:28  Terran Infantry Weapons Level 1  
  52  4:32  Marine x2  
  54  4:42  Supply Depot  
  54  4:44  Supply Depot  
  54  4:45  SCV, Marine x3  
  58  4:47  SCV  
  58  4:49  Marine  
  58  4:50  Supply Depot, Marine  
  61  4:59  SCV  
  62  5:01  Factory Tech Lab  
  62  5:04  SCV, Medivac x2  
  67  5:09  Refinery, Marine x2  
  67  5:10  Marine x2  
  67  5:11  SCV  
  67  5:13  Marine  
  73  5:22  SCV  
  73  5:26  SCV  
  73  5:27  Marine x3  
  77  5:31  Marine  
  77  5:35  Command Center, SCV  
  79  5:36  Marine  
  80  5:45  Marine x2  
  80  5:46  Supply Depot  
  82  5:51  Siege Tank  
  82  5:53  SCV  
  86  6:00  Supply Depot  
  86  6:07  Marauder, SCV x2, Medivac, Marine  
  86  6:11  Supply Depot  
  93  6:12  Supply Depot  
  93  6:19  SCV  
  93  6:21  Medivac  
  93  6:22  SCV  
  93  6:23  Marine  
  97  6:29  Siege Tank  
  97  6:30  Marine x2  
  97  6:31  SCV  
  100  6:34  SCV  
  100  6:38  Marine x2  
  102  6:40  Marine  
  102  6:44  SCV  
  104  6:49  Barracks  
  104  6:50  Barracks  
Show
View Real Time Build Order
Export as new Build Order

Kudo Zerg 

Build Orders: Hatch First 

Get SALT Encoding   

  12  0:01  Drone  
  13  0:12  Overlord  
  13  0:17  Drone  
  14  0:31  Drone x2  
  14  0:35  Drone  
  17  0:51  Hatchery  
  17  0:54  Drone  
  17  0:58  Drone  
  18  1:08  Extractor  
  17  1:13  Spawning Pool  
  17  1:15  Drone  
  17  1:18  Drone  
  18  1:28  Drone  
  19  1:38  Overlord  
  19  1:59  Queen  
  19  2:00  Zergling x2  
  19  2:01  Zergling x2  
  23  2:03  Queen  
  23  2:05  Drone  
  26  2:10  Metabolic Boost  
  26  2:13  Drone  
  27  2:15  Drone  
  29  2:22  Drone  
  29  2:25  Drone  
  30  2:33  Drone  
  30  2:36  Queen  
  33  2:39  Queen  
  33  2:41  Overlord  
  35  2:45  Drone  
  36  3:01  Drone x3  
  39  3:07  Overlord  
  39  3:12  Drone x4  
  43  3:16  Drone  
  44  3:23  Overlord  
  45  3:27  Zergling x4  
  45  3:28  Drone  
  47  3:35  Drone  
  48  3:42  Roach Warren  
  48  3:47  Drone x2  
  49  3:59  Hatchery  
  47  4:04  Drone  
  47  4:05  Drone x2  
  48  4:16  Extractor  
  47  4:22  Roach  
  47  4:23  Roach x5  
  59  4:28  Drone  
  60  4:34  Overlord  
  60  4:42  Overlord  
  59  4:47  Lair  
  59  4:48  Overlord x2  
  59  4:51  Hatchery  
  59  4:52  Extractor x2  
  57  4:53  Drone x2  
  57  4:54  Drone x2  
  57  4:55  Drone  
  61  5:01  Drone  
  61  5:05  Drone  
  63  5:13  Drone  
  64  5:17  Drone x2  
  66  5:21  Queen  
  66  5:24  Drone x2  
  66  5:25  Spore Crawler  
  67  5:30  Drone x2  
  67  5:31  Overlord  
  67  5:33  Drone x2  
  67  5:35  Drone x2  
  74  5:40  Evolution Chamber  
  74  5:41  Drone  
  74  5:42  Evolution Chamber  
  73  5:43  Drone  
  73  5:49  Drone x5  
  79  5:54  Overseer  
  79  5:56  Overseer  
  79  5:57  Overlord  
  79  5:59  Drone  
  79  6:00  Drone  
  81  6:12  Roach x4, Extractor  
  81  6:14  Ravager, Extractor  
  81  6:16  Roach x3  
  93  6:25  Roach x3  
  66  6:40  Roach x4  
  66  6:41  Roach x3  
Tags
 
Add a new tag
Caveats
  • Supply blocks, unpowered buildings, or Contaminate may cause inaccurate times.
  • Supply counts are checked every 10 seconds.